Map: New Gettysburg LE

Players

llllllllllll

  • Race: Zerg Zerg
  • League: Diamond

Florencio - Winner!

  • Race: Protoss Protoss
  • League: Diamond

VOD

Have the link to the VOD?

Description

Time

  • Played on: Sept. 4, 2016, 6:43 p.m.
  • Length: 13:43
Show
View Real Time Build Order
Export as new Build Order

llllllllllll Zerg 

Build Orders: Pool First 

Get SALT Encoding   

  12  0:01  Drone  
  13  0:26  Spawning Pool  
  12  0:33  Drone x2  
  14  0:36  Extractor, Drone  
  15  0:44  Overlord  
  15  1:16  Zergling x2  
  15  1:17  Zergling x4  
  18  1:27  Queen  
  18  1:28  Hatchery  
  18  1:32  Drone  
  20  1:39  Drone  
  21  1:49  Overlord  
  21  2:01  Drone  
  22  2:06  Queen  
  24  2:11  Drone  
  25  2:28  Drone  
  24  2:35  Drone x4  
  28  2:40  Queen  
  28  2:43  Drone  
  31  2:44  Queen  
  31  2:49  Drone  
  34  2:52  Overlord  
  35  2:58  Drone  
  35  3:10  Drone x2  
  37  3:18  Drone x4  
  41  3:25  Overlord  
  41  3:28  Drone  
  41  3:33  Extractor  
  41  3:35  Extractor  
  41  3:38  Drone x2  
  42  3:46  Hatchery  
  42  3:47  Drone x2  
  42  4:10  Drone x2  
  42  4:11  Drone  
  44  4:20  Drone x4  
  46  4:28  Drone x2  
  48  4:52  Roach Warren  
  47  4:54  Drone  
  47  4:55  Evolution Chamber  
  47  4:59  Lair  
  47  5:00  Drone x7  
  47  5:01  Drone x4  
  47  5:02  Overlord x2  
  58  5:20  Queen  
  60  5:23  Extractor, Drone x6  
  60  5:26  Extractor  
  64  5:31  Drone x7  
  64  5:33  Zerg Missile Weapons Level 1  
  71  6:10  Roach  
  73  6:12  Overlord x3  
  73  6:17  Hydralisk Den  
  72  6:19  Extractor  
  72  6:22  Hatchery, Drone x2  
  72  6:23  Drone  
  73  6:26  Drone  
  73  6:32  Drone x2  
  76  6:33  Roach  
  76  6:34  Roach x6  
  90  6:51  Glial Reconstitution  
  90  7:02  Hydralisk x4, Muscular Augments  
  90  7:04  Overlord x3  
  90  7:05  Overlord  
  97  7:15  Spore Crawler  
  96  7:18  Spore Crawler x2  
  86  7:27  Spire  
  86  7:29  Extractor  
  70  7:30  Drone x3  
  70  7:32  Drone  
  70  7:33  Drone  
  70  7:36  Spore Crawler  
  74  7:39  Spore Crawler  
  74  7:40  Drone x11  
  84  8:07  Hatchery  
  84  8:10  Spore Crawler  
  84  8:11  Drone x3  
  84  8:12  Drone x2  
  87  8:13  Drone x3  
  87  8:14  Hydralisk x4, Drone x2  
  87  8:17  Zerg Missile Weapons Level 2  
  94  8:46  Extractor  
  94  8:47  Extractor  
  77  8:54  Hydralisk x3  
  77  8:55  Hydralisk x12  
  85  8:57  Drone x2  
  93  9:12  Zerg Flyer Weapons Level 1  
  93  9:18  Hatchery  
  93  9:22  Drone x3  
  93  9:23  Drone x3  
  93  9:24  Queen, Drone x6  
  106  9:35  Corruptor x2  
  110  9:50  Pneumatized Carapace  
  90  10:00  Corruptor x3  
  83  10:12  Hydralisk x3  
  78  10:32  Drone  
  78  10:33  Drone x2  
  78  10:34  Drone  
  82  10:36  Drone  
  82  10:37  Hydralisk x3  
  85  11:17  Drone x5  
  90  11:21  Zerg Ground Armor Level 1  
  90  11:26  Hatchery, Drone x7  
  90  11:30  Extractor  
  95  11:33  Extractor  
  94  11:50  Corruptor  
  94  11:52  Hydralisk x4  
  94  11:53  Hydralisk  
  107  12:08  Drone x3  
  107  12:09  Hydralisk, Drone x3  
  107  12:10  Hydralisk  
  98  12:36  Mutalisk x8  
  90  13:00  Drone x5  
  90  13:01  Drone x2  
Show
View Real Time Build Order
Export as new Build Order

Florencio Protoss - Winner!

Build Orders:  

Get SALT Encoding   

  12  0:02  Probe (Chrono Boost)  
  13  0:12  Probe (Chrono Boost)  
  14  0:23  Probe (Chrono Boost), Pylon  
  15  0:41  Probe (Chrono Boost)  
  16  0:45  Gateway  
  16  0:48  Assimilator  
  16  0:52  Probe (Chrono Boost)  
  16  0:54  Assimilator  
  18  1:04  Probe (Chrono Boost)  
  18  1:13  Gateway  
  18  1:15  Probe (Chrono Boost)  
  19  1:26  Probe (Chrono Boost)  
  20  1:36  Probe (Chrono Boost)  
  20  1:39  Cybernetics Core  
  21  1:45  Pylon  
  22  1:47  Probe (Chrono Boost)  
  22  1:57  Probe (Chrono Boost)  
  22  2:01  Pylon  
  23  2:08  Probe (Chrono Boost)  
  24  2:19  Zealot, Mothership Core (Chrono Boost)  
  28  2:38  Pylon  
  28  2:52  Adept  
  28  2:56  Adept  
  32  3:07  Pylon  
  32  3:35  Forge  
  32  3:48  Nexus  
  32  3:50  Probe (Chrono Boost)  
  32  3:51  Pylon  
  33  4:00  Probe (Chrono Boost)  
  32  4:22  Gateway  
  30  4:24  Photon Cannon  
  30  4:25  Photon Cannon  
  30  4:27  Pylon  
  30  4:32  Probe (Chrono Boost)  
  31  4:43  Probe (Chrono Boost)  
  32  4:53  Probe (Chrono Boost), Stargate  
  32  4:57  Stargate  
  33  5:04  Probe (Chrono Boost), Stargate  
  34  5:08  Probe (Chrono Boost)  
  35  5:14  Probe (Chrono Boost)  
  35  5:18  Probe (Chrono Boost)  
  35  5:21  Assimilator  
  37  5:26  Probe (Chrono Boost)  
  38  5:29  Probe (Chrono Boost)  
  38  5:30  Photon Cannon  
  39  5:38  Assimilator  
  39  5:39  Probe (Chrono Boost)  
  40  5:45  Oracle  
  40  5:47  Oracle  
  46  5:51  Oracle  
  49  6:09  Probe (Chrono Boost)  
  50  6:19  Pylon  
  50  6:20  Oracle x2  
  50  6:21  Probe (Chrono Boost)  
  50  6:23  Oracle  
  61  6:33  Photon Cannon, Probe (Chrono Boost)  
  61  6:44  Probe (Chrono Boost)  
  61  6:46  Probe (Chrono Boost)  
  63  6:52  Oracle  
  63  6:56  Probe (Chrono Boost)  
  63  6:57  Oracle  
  63  6:58  Probe (Chrono Boost)  
  63  7:00  Oracle  
  76  7:09  Probe (Chrono Boost)  
  76  7:10  Probe (Chrono Boost)  
  76  7:13  Pylon  
  76  7:29  Oracle  
  76  7:34  Oracle  
  76  7:36  Photon Cannon  
  82  7:38  Photon Cannon  
  82  7:42  Pylon  
  82  7:45  Pylon  
  82  7:46  Oracle  
  82  7:49  Photon Cannon  
  85  7:53  Photon Cannon  
  85  8:11  Pylon  
  85  8:16  Photon Cannon  
  85  8:19  Photon Cannon  
  85  8:20  Pylon  
  85  8:21  Void Ray  
  85  8:27  Void Ray  
  90  8:43  Oracle  
  81  8:59  Oracle  
  84  9:13  Nexus, Void Ray  
  84  9:14  Pylon  
  88  9:18  Oracle  
  91  9:29  Pylon  
  91  9:31  Pylon  
  91  9:36  Photon Cannon  
  91  9:54  Oracle  
  88  10:06  Void Ray x2  
  87  10:25  Assimilator  
  87  10:29  Assimilator  
  87  10:30  Void Ray  
  87  10:31  Pylon  
  91  10:43  Void Ray  
  91  10:46  Void Ray  
  99  11:01  Photon Cannon  
  99  11:04  Photon Cannon  
  99  11:08  Pylon  
  99  11:12  Void Ray  
  103  11:32  Void Ray x2  
  111  11:55  Void Ray  
  115  12:09  Void Ray x2  
  131  13:10  Phoenix x2  
  119  13:13  Phoenix  
Tags
 
Add a new tag
Caveats
  • Supply blocks, unpowered buildings, or Contaminate may cause inaccurate times.
  • Supply counts are checked every 10 seconds.